% Time on Ice - SASKATOON DUCKS
Lines # - Real PCT - Wanted PCT - Time Play
Normal Forward
1 - 30% - 34% - 15:04
2 - 25% - 32% - 12:17
3 - 30% - 26% - 15:00
4 - 15% - 8% - 7:44
Normal Defense
1 - 40% - 42% - 20:04
2 - 35% - 35% - 17:29
3 - 25% - 23% - 12:32
4 - 0% - 0% - 0:00
PP Forward
1 - 44% - 50% - 2:37
2 - 56% - 50% - 3:20
PP Defense
1 - 59% - 50% - 3:32
2 - 41% - 50% - 2:25
PK Forward
1 - 66% - 55% - 2:36
2 - 34% - 45% - 1:22
PK Defense
1 - 48% - 55% - 1:54
2 - 52% - 45% - 2:04
PK3 Forward
1 - 0% - 55%
2 - 0% - 45%
PK3 Defense
1 - 0% - 55%
2 - 0% - 45%
44 Forward
1 - 0% - 55%
2 - 0% - 45%
44 Defense
1 - 0% - 55%
2 - 0% - 45%
Last Minute Offensive  - 0:00
Last Minute Defensive  - 0:00
Total
Forward - 60:00
Defense - 60:00
% Time on Ice - NORTH DAKOTA HAWKS
Lines # - Real PCT - Wanted PCT - Time Play
Normal Forward
1 - 29% - 28% - 14:20
2 - 28% - 28% - 14:14
3 - 24% - 24% - 11:54
4 - 19% - 20% - 9:37
Normal Defense
1 - 34% - 35% - 17:06
2 - 34% - 35% - 17:06
3 - 22% - 18% - 10:52
4 - 10% - 12% - 5:01
PP Forward
1 - 53% - 50% - 2:06
2 - 47% - 50% - 1:52
PP Defense
1 - 50% - 50% - 1:58
2 - 50% - 50% - 2:00
PK Forward
1 - 44% - 50% - 2:38
2 - 56% - 50% - 3:19
PK Defense
1 - 40% - 50% - 2:23
2 - 60% - 50% - 3:34
PK3 Forward
1 - 0% - 50%
2 - 0% - 50%
PK3 Defense
1 - 0% - 50%
2 - 0% - 50%
44 Forward
1 - 0% - 50%
2 - 0% - 50%
44 Defense
1 - 0% - 50%
2 - 0% - 50%
Last Minute Offensive  - 0:00
Last Minute Defensive  - 0:00
Total
Forward - 60:00
Defense - 60:00
Play-by-Play 1st period 0:01 of 1st period - Sidney Crosby wins face-off versus Nick Suzuki in neutral zone. 0:10 of 1st period - Shot by Ryan Strome. 0:10 of 1st period - Shot Misses the Net. 0:12 of 1st period - Shot by Alex Goligoski. 0:12 of 1st period - Stopped by Cameron Talbot with a rebound. 0:44 of 1st period - Ryan Strome is hit by Luke Kunin and loses puck. 1:43 of 1st period - Icing by Samuel Girard. 1:44 of 1st period - Brandon Sutter wins face-off versus Dylan Strome in SASKATOON DUCKS zone. 2:12 of 1st period - Anthony Duclair is hit by Ryan Lindgren. 2:15 of 1st period - Icing by Ryan Lindgren. 2:16 of 1st period - Warren Foegele wins face-off versus Brandon Sutter in NORTH DAKOTA HAWKS zone. 2:21 of 1st period - Shot by Warren Foegele. 2:21 of 1st period - Stopped by Cameron Talbot without a rebound. 2:22 of 1st period - Tyler Bozak wins face-off versus Cody Eakin in NORTH DAKOTA HAWKS zone. 2:41 of 1st period - Shot by Jakub Vrana. 2:41 of 1st period - Shot Hit the Post. 4:20 of 1st period - Icing by Ryan McDonagh. 4:21 of 1st period - Brandon Sutter wins face-off versus Ryan Strome in SASKATOON DUCKS zone. 4:44 of 1st period - Icing by Samuel Girard. 4:45 of 1st period - Dylan Strome wins face-off versus Nic Dowd in SASKATOON DUCKS zone. 5:30 of 1st period - Shot by Artemi Panarin. 5:30 of 1st period - Stopped by Cameron Talbot without a rebound. 5:31 of 1st period - Tyler Bozak wins face-off versus Nick Suzuki in NORTH DAKOTA HAWKS zone. 5:53 of 1st period - Shot by Anthony Duclair. 5:53 of 1st period - Shot Misses the Net. 5:55 of 1st period - Shot by Radko Gudas. 5:55 of 1st period - Goal by Radko Gudas - SASKATOON DUCKS : 1 - NORTH DAKOTA HAWKS : 0. 5:56 of 1st period - Ryan Strome wins face-off versus Brandon Sutter in neutral zone. 6:55 of 1st period - Ryan Strome is hit by Alex Killorn and loses puck. 6:59 of 1st period - Icing by Ryan Strome. 7:00 of 1st period - Ryan Strome wins face-off versus Nic Dowd in SASKATOON DUCKS zone. 7:44 of 1st period - Marc Staal is hit by Blake Comeau. 8:08 of 1st period - Shot by Alex Killorn. 8:08 of 1st period - Stopped by Jordan Binnington without a rebound. 8:09 of 1st period - Brandon Sutter wins face-off versus Anthony Duclair in SASKATOON DUCKS zone. 8:44 of 1st period - Shot by Craig Smith. 8:44 of 1st period - Shot Misses the Net. 8:46 of 1st period - Shot by Dougie Hamilton. 8:46 of 1st period - Shot Misses the Net. 8:48 of 1st period - Shot by Brandon Sutter. 8:48 of 1st period - Stopped by Jordan Binnington with a rebound. 9:26 of 1st period - Icing by Samuel Girard. 9:27 of 1st period - Cody Eakin wins face-off versus Tyler Bozak in SASKATOON DUCKS zone. 9:48 of 1st period - Shot by Matthew Nieto. 9:48 of 1st period - Shot Misses the Net. 10:24 of 1st period - Andrej Sekera is hit by Zack Kassian and loses puck. 10:45 of 1st period - Minor Penalty to Radko Gudas for Hooking. 10:46 of 1st period - Nick Suzuki wins face-off versus Artemi Panarin in SASKATOON DUCKS zone. 10:49 of 1st period - Shot by Brandon Sutter. 10:49 of 1st period - Shot Misses the Net. 11:21 of 1st period - Shot by Brandon Sutter. 11:21 of 1st period - Shot Misses the Net. 11:23 of 1st period - Shot by Marc Staal. 11:23 of 1st period - Shot Misses the Net. 11:25 of 1st period - Shot by Marc Staal. 11:25 of 1st period - Shot Misses the Net. 11:49 of 1st period - Shot by Quinton Hughes. 11:49 of 1st period - Shot Misses the Net. 12:07 of 1st period - Shot by Craig Smith. 12:07 of 1st period - Stopped by Jordan Binnington without a rebound. 12:08 of 1st period - Nick Suzuki wins face-off versus Anthony Duclair in SASKATOON DUCKS zone. 12:13 of 1st period - Shot by Alex Killorn. 12:13 of 1st period - Stopped by Jordan Binnington with a rebound. 12:27 of 1st period - Shot by Nick Suzuki. 12:27 of 1st period - Shot Misses the Net. 12:50 of 1st period - Kailer Yamamoto is hit by Ryan Carpenter and loses puck. 13:04 of 1st period - Sidney Crosby is hit by Ryan Carpenter and loses puck. 13:05 of 1st period - Sidney Crosby from SASKATOON DUCKS is injured at 13:05 of 1st period (Left Leg). 13:06 of 1st period - Artemi Panarin wins face-off versus Nic Dowd in SASKATOON DUCKS zone. 13:06 of 1st period - Artemi Panarin is hit by Zack Kassian. 13:09 of 1st period - Kailer Yamamoto is hit by Nic Dowd and loses puck. 13:35 of 1st period - Ryan Strome is hit by Marc Staal and loses puck. 13:50 of 1st period - Kailer Yamamoto is hit by Zack Kassian. 14:14 of 1st period - Shot by Alex Goligoski. 14:14 of 1st period - Stopped by Cameron Talbot without a rebound. 14:15 of 1st period - Nick Suzuki wins face-off versus Dylan Strome in NORTH DAKOTA HAWKS zone. 14:15 of 1st period - Nick Suzuki is hit by William Nylander. 15:46 of 1st period - Shot by Craig Smith. 15:46 of 1st period - Shot Blocked by Ryan McDonagh. 15:54 of 1st period - Shot by Kailer Yamamoto. 15:54 of 1st period - Stopped by Cameron Talbot with a rebound. 15:58 of 1st period - Shot by Ryan Strome. 15:58 of 1st period - Shot Blocked by Martin Marincin. 16:48 of 1st period - Off-side. 16:49 of 1st period - Cody Eakin wins face-off versus Warren Foegele in neutral zone. 18:25 of 1st period - Shot by William Nylander. 18:25 of 1st period - Goal by William Nylander - SASKATOON DUCKS : 2 - NORTH DAKOTA HAWKS : 0. 18:26 of 1st period - Dylan Strome wins face-off versus Nic Dowd in neutral zone. 19:18 of 1st period - Icing by Zdeno Chara. 19:19 of 1st period - Ryan Strome wins face-off versus Alex Killorn in SASKATOON DUCKS zone. 19:33 of 1st period - Icing by Zdeno Chara. 19:34 of 1st period - Ryan Strome wins face-off versus Brandon Sutter in SASKATOON DUCKS zone. Goals for this period are 2 for SASKATOON DUCKS vs 0 for NORTH DAKOTA HAWKS. Shots for this period are 7 for SASKATOON DUCKS vs 4 for NORTH DAKOTA HAWKS. 2nd period 0:01 of 2nd period - Dylan Strome wins face-off versus Alex Killorn in neutral zone. 0:17 of 2nd period - Luke Kunin is hit by Ryan McDonagh and loses puck. 0:44 of 2nd period - Shot by William Nylander. 0:44 of 2nd period - Stopped by Cameron Talbot without a rebound. 0:45 of 2nd period - Brandon Sutter wins face-off versus Dylan Strome in NORTH DAKOTA HAWKS zone. 1:12 of 2nd period - Craig Smith is hit by Radko Gudas and loses puck. 1:26 of 2nd period - Icing by Ryan Strome. 1:27 of 2nd period - Nic Dowd wins face-off versus Dylan Strome in SASKATOON DUCKS zone. 2:18 of 2nd period - Icing by Dougie Hamilton. 2:19 of 2nd period - Ryan Strome wins face-off versus Nick Suzuki in NORTH DAKOTA HAWKS zone. 2:19 of 2nd period - Ryan Strome is hit by Dougie Hamilton. 2:30 of 2nd period - Minor Penalty to Quinton Hughes for Hooking. 2:31 of 2nd period - Brandon Sutter wins face-off versus Jakub Vrana in NORTH DAKOTA HAWKS zone. 2:52 of 2nd period - Shot by Kailer Yamamoto. 2:52 of 2nd period - Shot Misses the Net. 2:54 of 2nd period - Shot by Ryan Strome. 2:54 of 2nd period - Shot Misses the Net. 2:56 of 2nd period - Shot by Ryan Strome. 2:56 of 2nd period - Stopped by Cameron Talbot with a rebound. 2:58 of 2nd period - Shot by Alex Goligoski. 2:58 of 2nd period - Shot Misses the Net. 3:00 of 2nd period - Shot by Ryan Strome. 3:00 of 2nd period - Shot Misses the Net. 3:02 of 2nd period - Shot by Zdeno Chara. 3:02 of 2nd period - Stopped by Cameron Talbot without a rebound. 3:03 of 2nd period - Ryan Carpenter wins face-off versus Dylan Strome in NORTH DAKOTA HAWKS zone. 3:40 of 2nd period - Shot by Artemi Panarin. 3:40 of 2nd period - Shot Misses the Net. 3:42 of 2nd period - Shot by Samuel Girard. 3:42 of 2nd period - Shot Blocked by Johnny Boychuk. 4:22 of 2nd period - Shot by Alex Goligoski. 4:22 of 2nd period - Stopped by Cameron Talbot without a rebound. 4:23 of 2nd period - Tyler Bozak wins face-off versus Brandon Sutter in NORTH DAKOTA HAWKS zone. 5:11 of 2nd period - Shot by Nick Suzuki. 5:11 of 2nd period - Stopped by Jordan Binnington without a rebound. 5:12 of 2nd period - Dylan Strome wins face-off versus Brandon Sutter in SASKATOON DUCKS zone. 5:12 of 2nd period - Dylan Strome is hit by Jack Hughes. 5:17 of 2nd period - Off-side. 5:18 of 2nd period - Brandon Sutter wins face-off versus Ryan Strome in neutral zone. 6:05 of 2nd period - Shot by Nick Suzuki. 6:05 of 2nd period - Goal by Nick Suzuki - SASKATOON DUCKS : 2 - NORTH DAKOTA HAWKS : 1. 6:06 of 2nd period - Tyler Bozak wins face-off versus Nic Dowd in neutral zone. 6:06 of 2nd period - Anthony Duclair is hit by Zack Kassian and loses puck. 6:10 of 2nd period - Zdeno Chara is hit by Zack Kassian and loses puck. 6:26 of 2nd period - Tyler